 Dungeon Crawl Stone Soup version 0.32-a0-893-gf85d74f360 (webtiles) character file.

Game seed: 18270215960503288396

1786869 ragingrage the Armataur Barricade (level 26, 239/239 HPs)
             Began as an Armataur Fighter on Apr 3, 2024.
             Was the Champion of Wu Jian.
             Escaped with the Orb
             ... and 3 runes!
             The game lasted 02:03:35 (60907 turns).

ragingrage the Armataur Barricade (AtFi)           Turns: 60907, Time: 02:03:36

Health: 239/239    AC: 57    Str: 37 (38) XL:     26   Next: 55%
Magic:  18/18      EV: 10    Int: 10      God:    Wu Jian [******]
Gold:   2427       SH: 28    Dex: 16      Spells: 10/25 levels left

rFire   + . .        a - +9 eveningstar (heavy)
rCold   + . .        c - +3 tower shield
rNeg    . . .        P - +12 gold dragon scales
rPois   +            m - +3 crown of Dyrovepreva {rElec Int+2 SInv}
rElec   +            Z - +4 dragonskin cloak {Aegis}
rCorr   .            B - +0 pair of gloves of the gadgeteer {Gadgeteer Wandboost ^Fragile}
SInv    +            X - +4 barding
Will    +....        A - amulet of Vitality {Regen++ RegenMP++} Stlth
                     p - ring of Secrets {Str+6 Dex+6}
HPRegen 2.19/turn    U - +5 ring of evasion
MPRegen 0.96/turn

%: roll
@: studying 3 skills
A: large, deformed body, tough skin 3, armoured tail, rollpage 2, see invisible,
dopey 1, low MP 2, wild magic 1
0: Orb of Zot
}: 3/15 runes: serpentine, barnacled, silver
a: Renounce Religion, Wall Jump, Serpent's Lash, Heavenly Storm


You escaped.
You worshipped Wu Jian.
Wu Jian was exalted by your worship.
You visited 10 branches of the dungeon, and saw 48 of its levels.
You visited the Abyss 3 times.
You visited 3 bazaars.
You also visited: Sewer, Ice Cave and Wizlab.

You collected 7870 gold pieces.
You spent 5443 gold pieces at shops.

Inventory:

Hand Weapons
 a - a +9 heavy eveningstar (weapon)
Missiles
 y - 15 silver javelins
 R - 6 throwing nets
 Y - 28 javelins (quivered)
Armour
 c - a +3 tower shield (worn)
 m - the +3 crown of Dyrovepreva (worn) {rElec Int+2 SInv}
   (You bought it in a shop in a bazaar)

   Int+2:     It affects your intelligence (+2).
   rElec:     It insulates you from electricity.
   SInv:      It lets you see invisible.
 B - the +0 pair of gloves of the gadgeteer (worn) {Gadgeteer Wandboost ^Fragile}
   (You found it on level 3 of the Elven Halls)

   Gadgeteer: Your evocable items recharge 30% faster and wands have a 30%
   chance to not spend a charge.
   Wandboost: Your wands are more powerful.
   ^Fragile:  It will be destroyed if unequipped.
 P - +12 gold dragon scales (worn)
 X - a +4 barding (worn)
 Z - the +4 dragonskin cloak (worn) {Aegis}
   (You took it off Tiamat on level 4 of the Depths)

   Avatar's Aegis: It grants the wearer a chance to resist fire, cold, poison,
   electricity, acid, and negative energy.
Jewellery
 e - a ring of resist corrosion
 i - an amulet of the acrobat
 p - the ring of Secrets (left hand) {Str+6 Dex+6}
   (You found it on level 5 of the Lair of Beasts)

   [ring of strength]

   Str+6:     It affects your strength (+6).
   Dex+6:     It affects your dexterity (+6).
 A - the amulet of Vitality (around neck) {Regen++ RegenMP++}
   (You bought it in a shop on level 2 of the Orcish Mines)

   [amulet of nothing]

   Regen++:   It increases your rate of health regeneration.
   RegenMP++: It increases your rate of magic regeneration.
 F - a ring of protection from fire
 U - a +5 ring of evasion (right hand)
Wands
 f - a wand of warping (84)
 w - a wand of acid (50)
 I - a wand of charming (40)
 M - a wand of digging (23)
 S - a wand of mindburst (21)
Scrolls
 g - 7 scrolls of immolation
 h - 4 scrolls of poison
 j - 3 scrolls of revelation
 n - a scroll of silence
 q - 15 scrolls of teleportation
 r - 2 scrolls of fear
 u - 8 scrolls of blinking
 C - 4 scrolls of noise
 D - 5 scrolls of summoning
 H - 9 scrolls of vulnerability
 T - 2 scrolls of fog
Potions
 d - 4 potions of might
 k - 6 potions of resistance
 o - a potion of invisibility
 t - 5 potions of ambrosia
 v - 21 potions of curing
 x - 9 potions of haste
 z - 2 potions of cancellation
 E - 5 potions of mutation
 K - 8 potions of attraction
 L - 10 potions of enlightenment
 N - 3 potions of magic
 Q - 4 potions of berserk rage
 V - 12 potions of lignification
 W - 16 potions of heal wounds
Miscellaneous
 b - a sack of spiders
 l - a Gell's gravitambourine (2/2)
 s - a tin of tremorstones (2/2)
 G - a lightning rod (4/4)


   Skills:
 - Level 20.0 Fighting
 - Level 17.0 Maces & Flails
 - Level 16.0 Throwing
 - Level 24.0 Armour
 - Level 4.0 Dodging
 - Level 4.0 Stealth
 O Level 27 Shields
 + Level 19.6 Evocations


You had 10 spell levels left.
You knew the following spells:

 Your Spells              Type           Power      Damage    Failure   Level
a - Blink                 Tloc           0%         N/A       97%         2
b - Manifold Assault      Tloc           0%         N/A       100%        7
c - Death Channel         Necr           0%         N/A       100%        6

Your spell library contained the following spells:

 Spells                   Type           Power      Damage    Failure   Level
 Apportation              Tloc           0%         N/A       92%         1
 Freeze                   Ice            0%         1d3       92%         1
 Kiss of Death            Conj/Necr      0%         2d5       92%         1
 Magic Dart               Conj           0%         1d3       92%         1
 Necrotise                Necr           0%         1d4       92%         1
 Sting                    Conj/Alch      0%         1d3       92%         1
 Summon Small Mammal      Summ           0%         N/A       92%         1
 Call Imp                 Summ           0%         N/A       97%         2
 Lesser Beckoning         Tloc           0%         N/A       97%         2
 Mercury Vapours          Alch/Air       0%         N/A       97%         2
 Momentum Strike          Conj/Tloc      0%         3d8       97%         2
 Scorch                   Fire           0%         2d5       97%         2
 Sublimation of Blood     Necr           0%         N/A       97%         2
 Call Canine Familiar     Summ           0%         N/A       100%        3
 Confusing Touch          Hex            0%         N/A       100%        3
 Dazzling Flash           Conj/Hex       0%         N/A       100%        3
 Frozen Ramparts          Ice            0%         1d1       100%        3
 Hailstorm                Conj/Ice       0%         3d5       100%        3
 Inner Flame              Hex/Fire       0%         N/A       100%        3
 Maxwell's Portable Pile  Tloc           0%         2d(5-13)  100%        3
 Mephitic Cloud           Conj/Alch/Air  0%         N/A       100%        3
 Passwall                 Erth           0%         N/A       100%        3
 Sigil of Binding         Hex            0%         N/A       100%        3
 Stone Arrow              Conj/Erth      0%         3d7       100%        3
 Summon Ice Beast         Ice/Summ       0%         N/A       100%        3
 Teleport Other           Tloc           0%         N/A       100%        3
 Volatile Blastmotes      Fire/Tloc      0%         2d10      100%        3
 Anguish                  Hex/Necr       0%         N/A       100%        4
 Animate Dead             Necr           0%         N/A       100%        4
 Cause Fear               Hex            0%         N/A       100%        4
 Dimensional Bullseye     Hex/Tloc       0%         N/A       100%        4
 Dispel Undead            Necr           0%         3d6       100%        4
 Flame Wave               Conj/Fire      0%         2d4       100%        4
 Ignite Poison            Fire/Alch      0%         N/A       100%        4
 Leda's Liquefaction      Alch/Erth      0%         N/A       100%        4
 Petrify                  Alch/Erth      0%         N/A       100%        4
 Sticky Flame             Fire/Alch      0%         2d4       100%        4
 Summon Blazeheart Golem  Fire/Summ      0%         N/A       100%        4
 Vhi's Electric Charge    Tloc/Air       0%         N/A       100%        4
 Alistair's Intoxication  Alch           0%         N/A       100%        5
 Arcjolt                  Conj/Air       0%         1d10      100%        5
 Borgnjor's Vile Clutch   Necr/Erth      0%         N/A       100%        5
 Curse of Agony           Necr           0%         N/A       100%        5
 Fireball                 Conj/Fire      0%         3d3       100%        5
 Irradiate                Conj/Alch      0%         3d11      100%        5
 Iskenderun's Battlesphe  Conj           0%         2d6       100%        5
 Lee's Rapid Deconstruct  Erth           0%         3d4*      100%        5
 Silence                  Hex/Air        0%         N/A       100%        5
 Summon Forest            Summ/Tloc      0%         N/A       100%        5
 Summon Mana Viper        Hex/Summ       0%         N/A       100%        5
 Bombard                  Conj/Erth      0%         9d1       100%        6
 Dispersal                Tloc           0%         N/A       100%        6
 Eringya's Noxious Bog    Alch           0%         4d6       100%        6
 Gell's Gavotte           Tloc           0%         2d(11-16) 100%        6
 Permafrost Eruption      Ice/Erth       0%         2x4d1     100%        6
 Sculpt Simulacrum        Ice/Alch       0%         N/A       100%        6
 Starburst                Conj/Fire      0%         6d3       100%        6
 Summon Cactus Giant      Summ           0%         N/A       100%        6
 Enfeeble                 Hex            0%         N/A       100%        7
 Haunt                    Necr/Summ      0%         N/A       100%        7
 Malign Gateway           Summ/Tloc      0%         N/A       100%        7
 Monstrous Menagerie      Summ           0%         N/A       100%        7
 Orb of Destruction       Conj           0%         9d5       100%        7
 Spellforged Servitor     Conj/Summ      0%         N/A       100%        7
 Disjunction              Tloc           0%         N/A       100%        8
 Ignition                 Fire           0%         3d3       100%        8
 Infestation              Necr           0%         N/A       100%        8
 Maxwell's Capacitive Co  Air            0%         ∞         100%        8
 Summon Horrible Things   Summ           0%         N/A       100%        8
 Dragon's Call            Summ           0%         N/A       100%        9


Dungeon Overview and Level Annotations

Branches:
Dungeon (15/15)            Temple (1/1) D:5            Lair (5/5) D:10
 Shoals (4/4) Lair:3        Snake (4/4) Lair:2        Slime (0/5) Lair:5
    Orc (2/2) D:10            Elf (3/3) Orc:2        Vaults (5/5) D:14
  Crypt (0/3) Vaults:2     Depths (4/4) D:15            Zot (5/5) Depths:4
  Sewer (visited)           IceCv (visited)          WizLab (visited)

Altars:
Ashenzari
Cheibriados
Dithmenos
Elyvilon
Fedhas
Gozag
Hepliaklqana
Kikubaaqudgha
Makhleb
Nemelex Xobeh
Okawaru
Qazlal
Ru
Sif Muna
Trog
Uskayaw
Vehumet
Wu Jian
Xom
Yredelemnul
Zin
The Shining One
Beogh
Lugonu

Shops:
D:3 =   D:15 [   Orc:2 (*[=(   Elf:1 =:=   Elf:2 [   Shoals:1 *   Snake:4 (
Vaults:4 :![

Portals:
Hell: Depths:1 Depths:2 Depths:3 Depths:4
Abyss: Depths:3
Pandemonium: Depths:2
Ziggurat: Depths:3
Trove: Elf:1 (give 2 scrolls of acquirement)

Annotations:
D:7 Jeremiah
D:11 exclusion: downstairs
Shoals:1 1 runed translucent door, Biggs's ghost, journeyman CoHu
Shoals:3 Polyphemus
Snake:3 2 transporters, exclusion: obsidian statue
Snake:4 1 runed translucent door, Gadrel's ghost, adept DrMo
Vaults:2 3 runed translucent doors, jasper's ghost, adept MiBe
Depths:4 1 runed translucent door, Voac's ghost, journeyman MiAr
Zot:2 1 transporter
Zot:5 2 exclusions


Innate Abilities, Weirdness & Mutations

Armour fits poorly on your strangely shaped body.
You have extremely tough skin. (AC +3)
You have a long armoured tail.
You regenerate magic and health when rolling toward enemies. (Rampage Regen)
You have supernaturally acute eyesight. (SInv)
You are dopey. (Int -2)
Your magical capacity is very low. (-20% MP)
Your spells are a little harder to cast, but a little more powerful.


Message History

There is a stone staircase leading down, spattered with blood here.
There is an open door here.
An Orb Guardian comes into view.
You crush the Orb Guardian like a grape!!!
You block the Orb Guardian's attack.
You skewer the Orb Guardian like a kebab!!!
You kill the Orb Guardian!
The Council accepts your kill.
No target in view!
Unknown command.
Unknown command.
Unknown command.
Unknown command.
(D) Dungeon (T) Temple (L) Lair (A) Shoals (P) Snake Pit (M) Slime Pits (O) Orcish Mines (E) Elven Halls (V) Vaults (C) Crypt (U) Depths (H) Hell (Z) Zot
Where to? (Tab/Enter - D:1 @ (x,y), ? - help)
What level of the Dungeon? (default 1, ? - help)
There is an open door here.
There is a stone staircase leading up here.
You climb upwards.
There is a stone staircase leading down here.
You see here a hobgoblin skeleton.
There is a stone staircase leading up here.
You climb upwards.
There is a stone staircase leading down here.
There is a stone staircase leading up here.
You climb upwards.
There is a stone staircase leading down here.
You see here a ball python skeleton.
You see here a +0 ring mail.
There is a stone staircase leading up here.
You see here a +0 scale mail.
You climb upwards.
There is a stone staircase leading down here.
Things that are here:
a +0 dagger; a ball python skeleton; a goblin skeleton
There is a staircase leading out of the dungeon here.
You have escaped!

#.#..............# #.# #.#
#...........###..# #.####.#
###..###....###..# #......#
#..##.......#..###############
#.........................#
#..##.......#.###########.#
#.........###.# #.####
###.#.......###.#### #.....
#..............@...# #####.
#.#.#.##..#.##.>##.# #.
#.#.#.##.###.##.##.# ### #.
#.#.#.#.## ##.#.##.# ##.## #.
#....÷^## ##..##.###...## #.
#.###.#.## ##.####.##.....#####.
#.##..##.###.#####.#..........#.
#.##.####.#.....##.##.....###.#.
#..........####.##...#...## #.#.


There were no monsters in sight!

Vanquished Creatures
  Tiamat (Depths:4)
  A dread lich (Zot:5)
  5 orbs of fire (Zot:5)
  An ancient lich (Abyss:3)
  A juggernaut (Depths:4)
  Sojobo (Vaults:2)
  Parghit (Zot:1)
  5 Killer Klowns (Zot:5)
  Saint Roka (Snake:4)
  2 caustic shrikes (Depths:2)
  4 golden dragons
  Nikola (Elf:3)
  3 curse toes (Zot:2)
  6 bone dragons
  An electric golem (Zot:5)
  15 tentacled monstrosities
  Rupert (Lair:3)
  26 Orb Guardians
  A walking crystal tome (Depths:2)
  6 liches
  An Ice Fiend (D:11)
  6 titans (Vaults:5)
  2 deep elf blademasters (Elf:3)
  9 quicksilver dragons
  9 sphinxes
  5 deep elf master archers
  3 tentacled starspawn
  A kraken (Shoals:4)
  8 death cobs
  Aizul (Snake:4)
  13 shadow dragons
  10 nagarajas (Snake:4)
  Ilsuiw (Shoals:3)
  11 tengu reavers
  13 draconian monks
  9 storm dragons
  3 protean progenitors (Zot:2)
  24 vault wardens
  11 draconian scorchers
  10 draconian knights
  8 fire giants
  5 draconian shifters
  8 frost giants
  9 deep elf sorcerers
  2 deep elf elementalists
  3 draconian stormcallers
  2 curse skulls (Zot:2)
  2 cacodemons
  3 reapers (IceCv)
  9 draconian annihilators
  4 orc warlords
  3 vampire knights
  30 ironbound preservers
  A formless jellyfish (Vaults:4)
  16 stone giants
  18 very ugly things
  11 green draconians
  7 deep elf death magi
  2 ironbound thunderhulks
  10 red draconians
  12 deep elf demonologists
  9 black draconians
  10 deep elf annihilators
  A minotaur (Shoals:4)
  9 white draconians
  14 purple draconians
  3 war gargoyles
  8 dire elephants
  18 yellow draconians
  An eidolon (Vaults:2)
  The ghost of DimondSprtn the Bewitcher, a journeyman FeCA of Jiyva (Orc:1)
  A spark wasp (Zot:2)
  A mummy priest (Elf:3)
  8 ettins
  A green death (Abyss:3)
  5 merfolk impalers
  3 fire dragons
  4 merfolk javelineers
  9 deep elf high priests
  15 yaktaur captains
  A quicksilver dragon zombie (Vaults:5)
  Josephine (D:13)
  3 entropy weavers
  4 hydras
  2 great orbs of eyes (Vaults:1)
  38 vault guards
  A caustic shrike simulacrum (IceCv)
  An ogre mage (Vaults:5)
  A great orb of eyes (shapeshifter) (D:15)
  5 rakshasas
  6 ice dragons
  A hell beast (Depths:2)
  3 salamander tyrants
  2 merfolk avatars
  14 ironbound frosthearts
  A spriggan air mage (Depths:3)
  Fannar (Lair:2)
  3 merfolk aquamancers
  9 anacondas
  A peacekeeper (Vaults:4)
  22 centaur warriors
  9 satyrs (Shoals:4)
  An alligator snapping turtle (Shoals:2)
  6 boulder beetles
  37 dancing weapons
  3 two-headed ogres (D:12)
  8 deep troll shamans
  11 death yaks
  5 shock serpents
  8 tengu warriors
  7 deep troll earth magi
  2 spriggan berserkers
  19 naga sharpshooters
  8 naga warriors
  7 orc high priests
  A thrashing horror (Abyss:3)
  20 deep elf knights
  2 soul eaters
  2 skysharks
  Amaemon (Lair:2)
  3 salamander mystics (Snake:3)
  3 wretched stars
  68 deep trolls
  3 sixfirhies
  A spatial maelstrom (Abyss:3)
  10 sea snakes
  3 shining eyes (shapeshifter)
  3 iron trolls
  2 shadow demons (Elf:3)
  14 deep elf archers
  2 flayed ghosts
  10 arcanists
  7 mana vipers
  4 naga ritualists
  A bog body (IceCv)
  8 glowing orange brains
  An obsidian statue (IceCv)
  An orange crystal statue (IceCv)
  3 spriggan simulacra (IceCv)
  24 ironbound convokers
  41 deep elf zephyrmancers
  8 phantasmal warriors
  16 lindwurms
  14 starcursed masses
  5 large abominations
  18 harpies
  2 thermic dynamos (Elf:2)
  4 necromancers
  20 orc knights
  6 orc sorcerers
  3 shining eyes (Zot:2)
  41 ugly things
  2 oklob plants (Lair:5)
  33 deep elf pyromancers
  A tengu zombie (Vaults:5)
  A glowing shapeshifter (Depths:2)
  A wolf spider (Lair:5)
  13 fauns
  A worldbinder (Abyss:2)
  A moth of wrath (shapeshifter) (Vaults:2)
  9 cyclopes
  17 salamanders
  21 manticores
  7 merfolk sirens
  16 naga magi
  6 meliai
  25 vault sentinels
  17 elephants
  A water nymph (shapeshifter) (Depths:1)
  14 moths of wrath
  A guardian serpent (shapeshifter) (Vaults:5)
  2 guardian serpents
  43 black mambas
  7 water nymphs
  2 smoke demons (Abyss:2)
  4 orange demons
  2 gargoyles
  Maggie (D:10)
  15 cane toads
  6 torpor snails
  34 yaktaurs
  11 freezing wraiths
  2 anaconda simulacra (IceCv)
  An unseen horror (shapeshifter) (D:14)
  3 unseen horrors
  9 komodo dragons
  A tormentor (D:13)
  An ancient zyme (Abyss:3)
  4 kobold demonologists
  4 rime drakes
  6 trolls
  A queen bee (shapeshifter) (D:15)
  3 tengu conjurers
  A red devil (D:15)
  2 ice devils
  A hellwing (D:13)
  26 merfolk
  3 tyrant leeches (Lair:5)
  A wind drake (shapeshifter) (D:12)
  A hornet (shapeshifter) (D:15)
  10 hornets
  6 snapping turtles
  A polar bear (Lair:1)
  Prince Ribbit (D:7)
  6 wind drakes
  A glass eye (shapeshifter) (D:13)
  11 blink frogs
  4 glass eyes
  An alligator simulacrum (IceCv)
  2 raiju (Abyss:3)
  9 dream sheep
  A culicivora (D:13)
  An ettin zombie (Vaults:5)
  5 shadows
  45 slime creatures
  7 wraiths
  A centaur simulacrum (D:14)
  21 water elementals
  18 wyverns
  7 air elementals
  A vampire (D:12)
  39 yaks
  A fire elemental (Elf:1)
  A ynoxinul (Abyss:2)
  4 basilisks
  Grum (D:8)
  2 wargs (Orc:2)
  9 golden eyes
  2 minotaur simulacra (IceCv)
  6 steam dragons
  6 redbacks
  A chaos spawn (Abyss:2)
  7 vampire mosquitoes
  Menkaure (D:7)
  A spatial vortex (Abyss:3)
  Edmund (D:6)
  4 small abominations
  A harpy simulacrum (IceCv)
  51 nagas
  2 acid dragons
  26 water moccasins
  A swamp drake (D:10)
  A glowing shapeshifter skeleton (Vaults:5)
  2 sky beasts
  38 orc warriors
  2 black bears
  9 boggarts
  6 laughing skulls
  8 ogres
  26 wolves
  15 centaurs
  13 bullfrogs
  A phantom (D:5)
  4 kobold brigands
  2 brain worms (Abyss:3)
  A weeping skull (Abyss:2)
  2 scorpions
  6 deep troll simulacra (IceCv)
  3 earth elementals
  8 wights
  A lindwurm simulacrum (IceCv)
  9 killer bees
  7 howler monkeys
  6 electric eels
  A jelly (D:6)
  A bombardier beetle (D:4)
  6 hounds
  28 orc priests
  Jessica (D:2)
  3 sleepcaps
  4 iguanas
  33 orc wizards
  Natasha (thrice) (D:3 D:4)
  12 adders
  6 river rats
  A shadow imp (D:8)
  A white imp (D:3)
  6 ufetubi
  A dart slug (D:4)
  3 ribbon worms
  75 orcs
  11 ball pythons
  7 endoplasms
  2 giant cockroaches
  9 hobgoblins
  3 jackals (D:4)
  19 kobolds
  2 quokkas (D:2)
  6 bats
  3 frilled lizards
  7 goblins
  13 rats
  An aspiring flesh (Zot:2)
  A starspawn tentacle (Abyss:3)
  4 tentacles (Shoals:4)
2298 creatures vanquished.

Vanquished Creatures (collateral kills)
  A juggernaut (Depths:2)
  An ice dragon (Depths:2)
  A death yak (Lair:2)
  A skyshark (Lair:5)
  A flayed ghost (Depths:2)
  A komodo dragon (Lair:5)
  A water moccasin (Lair:5)
7 creatures vanquished.

Vanquished Creatures (others)
  A tengu warrior (D:13)
  3 deep elf knights
  2 slime creatures (Vaults:1)
  A water elemental (Elf:2)
  A naga (Snake:3)
  An orc priest (Orc:2)
  2 foxfires (Orc:1)
  3 starspawn tentacles (Abyss:3)
  5 tentacles (Shoals:4)
19 creatures vanquished.

Grand Total: 2324 creatures vanquished

Notes
Turn   | Place    | Note
-------+----------+-------------------------------------------
     0 | D:1      | ragingrage the Armataur Fighter began the quest for the
                  | Orb.
     0 | D:1      | Reached XP level 1. HP: 18/18 MP: 1/1
   204 | D:1      | Reached XP level 2. HP: 25/25 MP: 2/2
   519 | D:1      | Reached skill level 1 in Stealth
   869 | D:2      | Reached XP level 3. HP: 23/30 MP: 3/3
  1270 | D:2      | Reached XP level 4. HP: 37/37 MP: 4/4
  1518 | D:3      | Noticed Natasha
  1528 | D:3      | Killed Natasha
  1578 | D:3      | Found Quiriri's Jewellery Shoppe.
  1646 | D:3      | Noticed Jessica
  1656 | D:2      | Killed Jessica
  1926 | D:3      | Noticed Natasha
  1935 | D:3      | Killed Natasha
  1936 | D:3      | Reached XP level 5. HP: 42/42 MP: 5/5
  1953 | D:3      | Noticed Natasha
  2137 | D:4      | Reached skill level 5 in Maces & Flails
  2162 | D:4      | Reached XP level 6. HP: 36/50 MP: 6/6
  2559 | D:4      | Found a glowing drain.
  2585 | Sewer    | Entered a sewer
  3077 | Sewer    | Gained mutation: You regenerate magic and health when
                  | rolling toward enemies. (Rampage Regen) [Armataur growth]
  3077 | Sewer    | Reached XP level 7. HP: 53/56 MP: 7/7
  3360 | D:4      | Killed Natasha
  4152 | D:5      | Entered Level 5 of the Dungeon
  4401 | D:5      | Reached XP level 8. HP: 61/62 MP: 8/8
  4608 | D:5      | Identified the +0 scale mail of the Sacrificial Victim {Fly
                  | rC++}
  4805 | D:5      | Found an ornate altar of the Wu Jian Council.
  4806 | D:5      | Found a glowing golden altar of the Shining One.
  4809 | D:5      | Became a worshipper of the Wu Jian Council
  5132 | D:5      | Found a staircase to the Ecumenical Temple.
  5137 | Temple   | Entered the Ecumenical Temple
  5552 | D:6      | Noticed Edmund
  5563 | D:6      | Killed Edmund
  5702 | D:6      | Found an opulent altar of Gozag.
  5834 | D:6      | Reached skill level 10 in Maces & Flails
  6137 | D:7      | Identified the +2 war axe of Nemelex Xobeh {freeze, rPois
                  | Str+6 Int-3}
  6183 | D:7      | Reached * piety under Wu Jian
  6196 | D:7      | Reached XP level 9. HP: 68/68 MP: 9/9
  6210 | D:7      | Noticed Menkaure
  6224 | D:7      | Killed Menkaure
  6672 | D:7      | Noticed Jeremiah
  6770 | D:7      | Noticed a manticore
  6779 | D:7      | Noticed a two-headed ogre
  7140 | D:7      | Killed a manticore
  7329 | D:3      | Bought an amulet of regeneration for 360 gold pieces
  7721 | D:8      | Found a stormy altar of Qazlal.
  7882 | D:8      | Reached ** piety under Wu Jian
  8047 | D:8      | Noticed Grum
  8058 | D:8      | Killed Grum
  8067 | D:8      | Reached XP level 10. HP: 70/74 MP: 10/10
  8551 | D:9      | Reached skill level 1 in Evocations
  8877 | D:9      | Reached skill level 4 in Shields
  9244 | D:10     | Entered Level 10 of the Dungeon
  9355 | D:9      | Reached skill level 5 in Armour
  9405 | D:10     | Found a staircase to the Lair.
  9474 | D:7      | Noticed Prince Ribbit
  9496 | D:7      | Killed Prince Ribbit
  9647 | D:7      | Found an iron altar of Okawaru.
  9648 | D:7      | Found a sacrificial altar of Ru.
  9648 | D:7      | Found a blossoming altar of Fedhas.
  9804 | D:10     | Noticed Maggie
  9815 | D:10     | Killed Maggie
  9831 | D:9      | Reached XP level 11. HP: 84/84 MP: 11/11
  9860 | D:9      | Reached skill level 5 in Shields
 10086 | D:10     | Reached *** piety under Wu Jian
 10170 | D:10     | Found a staircase to the Orcish Mines.
 10175 | D:10     | Reached skill level 1 in Throwing
 10634 | D:10     | Found a white marble altar of Elyvilon.
 11152 | D:11     | Reached skill level 5 in Fighting
 12151 | D:12     | Noticed a deep elf pyromancer
 12154 | D:12     | Reached skill level 5 in Evocations
 12368 | D:12     | Noticed a purple ugly thing
 12602 | D:12     | Noticed a cyan ugly thing
 12613 | D:11     | Killed a purple ugly thing
 12904 | D:12     | Killed a deep elf pyromancer
 12904 | D:12     | Reached **** piety under Wu Jian
 13029 | D:12     | Killed a green ugly thing
 13386 | D:13     | Noticed a harpy
 13444 | D:13     | Noticed a cyan ugly thing
 13453 | D:13     | Killed a purple ugly thing
 13482 | D:12     | Reached XP level 12. HP: 79/97 MP: 12/12
 13549 | D:12     | Noticed a two-headed ogre
 13558 | D:12     | Killed a two-headed ogre
 13562 | D:12     | Noticed a boulder beetle
 13588 | D:12     | Killed a boulder beetle
 13633 | D:12     | Noticed a two-headed ogre
 13639 | D:12     | Killed a two-headed ogre
 13818 | D:13     | Noticed Urug
 13862 | D:13     | Noticed Josephine
 13891 | D:13     | Killed Josephine
 13979 | D:13     | Identified the +5 orcbow of Pygut {heavy, ^Fragile rF++
                  | rC+++ Str-3}
 13998 | D:13     | Noticed a tengu warrior
 13998 | D:13     | Noticed a tengu warrior
 14030 | D:13     | Killed a tengu warrior
 14056 | D:13     | Noticed Snorg
 14062 | D:13     | Snorg changed into Snorg the black bear
 14062 | D:13     | Noticed Snorg
 14064 | D:13     | Killed Snorg the black bear
 14094 | D:13     | Urug changed into Urug the culicivora
 14094 | D:13     | Noticed Urug
 14098 | D:13     | Killed Urug the culicivora
 14286 | D:13     | Noticed a boulder beetle
 14300 | D:13     | Killed a boulder beetle
 14301 | D:13     | Reached skill level 10 in Armour
 14338 | D:13     | Reached skill level 15 in Maces & Flails
 14462 | D:13     | Noticed a centaur warrior
 14506 | D:13     | Killed a centaur warrior
 14744 | D:13     | Noticed a centaur warrior
 14749 | D:13     | Killed a centaur warrior
 14864 | Lair:1   | Entered Level 1 of the Lair of Beasts
 15139 | Lair:1   | Reached ***** piety under Wu Jian
 15236 | Lair:1   | Reached XP level 13. HP: 103/108 MP: 13/13
 15268 | Lair:1   | Learned a level 2 spell: Blink
 15286 | Lair:1   | Identified the +0 ring mail of the Old World {rElec rF-
                  | rN++ Dex-3}
 15635 | Lair:2   | Found a staircase to the Snake Pit.
 15811 | Lair:2   | Noticed Amaemon
 15838 | Lair:2   | Killed Amaemon
 15936 | Lair:2   | Noticed Fannar
 16797 | Lair:2   | Reached skill level 10 in Fighting
 17050 | Lair:3   | Reached skill level 6 in Shields
 17087 | Lair:3   | Noticed Rupert
 17096 | Lair:3   | Killed Rupert
 17470 | Lair:2   | Reached XP level 14. HP: 53/122 MP: 14/14
 17658 | Lair:3   | Found a staircase to the Shoals.
 18247 | Lair:4   | Reached skill level 5 in Throwing
 18258 | Lair:4   | Reached skill level 7 in Shields
 18928 | Lair:5   | Entered Level 5 of the Lair of Beasts
 18942 | Lair:5   | Found a staircase to the Slime Pits.
 18969 | Lair:5   | Reached skill level 8 in Shields
 20216 | Lair:5   | Found a white marble altar of Elyvilon.
 20302 | Lair:5   | Reached XP level 15. HP: 134/134 MP: 15/15
 20748 | D:12     | Noticed a fire giant
 20756 | D:12     | Killed a fire giant
 20756 | D:12     | Reached ****** piety under Wu Jian
 20905 | D:12     | Identified the +1 long sword "Vuh Ukex" {elec, MP+9 Int+3}
 21054 | D:12     | You fall into a shaft and drop 1 floor!
 21940 | D:14     | Reached skill level 1 in Dodging
 22006 | D:14     | Found a gate to the Vaults.
 22347 | D:15     | Entered Level 15 of the Dungeon
 22703 | D:15     | Reached skill level 9 in Shields
 23059 | D:15     | Found Waifomu's Antique Armour Shop.
 23066 | D:15     | Bought a pair of runed gloves for 150 gold pieces
 23099 | D:15     | Bought a brightly glowing scarf for 200 gold pieces
 23099 | D:15     | Identified the scarf of Ischuskoe {rC+ rF+, rElec Dex+2}
                  | (You bought it in a shop on level 15 of the Dungeon)
 23099 | D:15     | Bought a translucent ring mail for 180 gold pieces
 23099 | D:15     | Identified the +4 ring mail of the Armadillo {rElec Str+2}
                  | (You bought it in a shop on level 15 of the Dungeon)
 23228 | D:15     | Found a staircase to the Depths.
 23683 | Snake:1  | Entered Level 1 of the Snake Pit
 24079 | Snake:1  | Reached skill level 10 in Shields
 24349 | Snake:2  | Reached skill level 15 in Fighting
 24354 | Snake:2  | Reached XP level 16. HP: 140/149 MP: 16/16
 24590 | Snake:2  | Identified the ring of Ymyape {Will+ Int+7}
 24983 | Snake:3  | Found a transporter.
 25013 | Snake:3  | Found a transporter.
 25349 | Snake:3  | Reached skill level 11 in Shields
 25357 | Snake:3  | Reached skill level 10 in Evocations
 25867 | Snake:4  | Entered Level 4 of the Snake Pit
 25964 | Snake:4  | Reached skill level 12 in Shields
 25971 | Snake:4  | Identified the serpent talisman of Biafugea {Int+2}
 25971 | Snake:4  | Noticed Aizul
 26549 | Snake:4  | Noticed Saint Roka
 26566 | Snake:4  | Killed Saint Roka
 26667 | Snake:4  | Found Voshiur's Antique Weapon Shop.
 26872 | Snake:4  | Reached XP level 17. HP: 150/156 MP: 17/17
 27091 | Snake:4  | Reached skill level 13 in Shields
 27290 | Snake:4  | Killed Aizul
 27868 | Snake:4  | Reached skill level 15 in Armour
 28178 | Snake:4  | Reached skill level 14 in Shields
 28231 | Snake:4  | Got a serpentine rune of Zot
 28377 | Snake:4  | Found a runed translucent door.
 28381 | Snake:4  | Noticed Gadrel's ghost (adept DrMo)
 28497 | Lair:2   | Killed Fannar
 28965 | Lair:5   | Identified the ring of Secrets {Str+6 Dex+6}
 29117 | Orc:1    | Entered Level 1 of the Orcish Mines
 29360 | Orc:2    | Entered Level 2 of the Orcish Mines
 29371 | Orc:2    | Found Gech's Antique Weapon Boutique.
 29532 | Orc:2    | Reached skill level 15 in Shields
 29577 | Orc:2    | Found Ninialur's Antique Armour Boutique.
 29577 | Orc:2    | Found Reuklah's General Store.
 29577 | Orc:2    | Found Oshocw's Antique Weapon Shop.
 29577 | Orc:2    | Found Ynneduedd's Jewellery Boutique.
 29583 | Orc:2    | Bought a spiked chain mail for 294 gold pieces
 29583 | Orc:2    | Identified the +0 chain mail of Helix {rElec Str+2 Int+4}
                  | (You bought it in a shop on level 2 of the Orcish Mines)
 30007 | Orc:1    | Found a runed translucent door.
 30124 | Orc:1    | Noticed DimondSprtn's ghost (journeyman FeCA)
 30140 | Orc:1    | Killed DimondSprtn's ghost
 30371 | Shoals:1 | Entered Level 1 of the Shoals
 30484 | Shoals:1 | Reached skill level 16 in Shields
 30559 | Shoals:1 | Found Plog's General Store.
 30599 | Shoals:1 | Bought a Gell's gravitambourine (2/2) for 600 gold pieces
 30647 | Shoals:1 | Found a runed translucent door.
 30664 | Shoals:1 | Found a shimmering altar of Xom.
 30664 | Shoals:1 | Noticed Biggs's ghost (journeyman CoHu)
 31486 | Shoals:2 | Reached skill level 17 in Shields
 31771 | Shoals:3 | Reached XP level 18. HP: 123/163 MP: 18/18
 31878 | Shoals:3 | Noticed Ilsuiw
 32046 | Shoals:3 | Killed Ilsuiw
 32142 | Shoals:3 | Noticed Polyphemus
 32562 | Shoals:4 | Entered Level 4 of the Shoals
 32693 | Shoals:4 | Reached skill level 18 in Shields
 32778 | Shoals:4 | Reached skill level 19 in Shields
 32820 | Shoals:4 | Paralysed by a sphinx for 5 turns
 32828 | Shoals:4 | Paralysed by a sphinx for 4 turns
 33111 | Shoals:4 | Identified the +4 arbalest of the Real Monster {freeze,
                  | *Slow rElec Int+3 Dex+3}
 33114 | Shoals:4 | Got a barnacled rune of Zot
 33298 | Shoals:4 | Got the Omnibus of Portals
 33627 | Vaults:1 | Entered Level 1 of the Vaults
 33673 | Vaults:1 | Found a magical portal.
 33764 | Vaults:1 | Found a flickering gateway to a bazaar.
 33782 | Bazaar   | Entered a bazaar
 33795 | Bazaar   | Found Woetifahiph's Jewellery Shoppe.
 33810 | Bazaar   | Found Idotwe's Book Emporium.
 33828 | Bazaar   | Found Jugixec's Assorted Antiques.
 33828 | Bazaar   | Found Ukiojon's Armour Emporium.
 33839 | Bazaar   | Bought a masterwork ring mail for 225 gold pieces
 33839 | Bazaar   | Identified the +3 ring mail of the Hot Ocelot {Slay+2} (You
                  | bought it in a shop in a bazaar)
 33839 | Bazaar   | Bought a scroll of teleportation for 75 gold pieces
 33946 | WizLab   | Entered Tukima's Studio
 33963 | WizLab   | Reached skill level 20 in Shields
 34020 | WizLab   | Identified the +2 longbow "Impbane" {speed, Str+2}
 34029 | WizLab   | Noticed a walking earthen tome
 34044 | WizLab   | Noticed a walking earthen tome
 34052 | WizLab   | Identified the +4 hand cannon "Fumem" {penet, rC+ Will+
                  | Int-2}
 34527 | Vaults:1 | Reached XP level 19. HP: 172/172 MP: 19/19
 35011 | Vaults:1 | Identified the +0 leather armour "Rymm" {-Cast Fly Int-4
                  | Dex+4}
 35366 | Vaults:2 | Found a flickering gateway to a bazaar.
 35664 | Bazaar   | Entered a bazaar
 35666 | Bazaar   | Found Nos Agh's Magic Scroll Boutique.
 35670 | Bazaar   | Found Dumpan's General Store.
 35670 | Bazaar   | Found Kopid's Weapon Boutique.
 35671 | Bazaar   | Found Vofusumn's General Store.
 35676 | Bazaar   | Bought 2 scrolls of teleportation for 48 gold pieces
 35676 | Bazaar   | Bought a potion of heal wounds for 40 gold pieces
 35681 | Bazaar   | Bought a scroll of teleportation for 39 gold pieces
 35681 | Bazaar   | Bought a scroll of enchant weapon for 97 gold pieces
 35681 | Bazaar   | Bought a potion of heal wounds for 65 gold pieces
 35703 | Bazaar   | Bought a scroll of teleportation for 39 gold pieces
 35703 | Bazaar   | Bought a scroll of teleportation for 39 gold pieces
 35730 | Vaults:2 | Noticed Sojobo
 35736 | Vaults:2 | Killed Sojobo
 36358 | Vaults:2 | Found a glowing silver altar of Zin.
 36448 | Vaults:2 | Found a staircase to the Crypt.
 37386 | Vaults:2 | Found a runed translucent gate.
 37386 | Vaults:2 | Found a runed translucent gate.
 37388 | Vaults:2 | Found a runed translucent gate.
 37389 | Vaults:2 | Noticed jasper's ghost (adept MiBe)
 37486 | Vaults:3 | Reached XP level 20. HP: 184/184 MP: 20/20
 37973 | Vaults:3 | Identified the +3 ring mail "Axzoete" {rF+ rC++ Str-4
                  | Stlth+}
 38903 | Vaults:4 | Found Ukaapli's Armour Boutique.
 38969 | Vaults:4 | Paralysed by a formless jellyfish for 1 turns
 39213 | Vaults:4 | Reached skill level 21 in Shields
 39595 | Vaults:4 | Found Coxen's Distillery.
 39659 | Vaults:4 | Reached XP level 21. HP: 191/191 MP: 21/21
 39875 | Vaults:4 | Found Hiabbach's Book Emporium.
 40251 | Depths:1 | Entered Level 1 of the Depths
 40535 | Orc:2    | Found a staircase to the Elven Halls.
 40687 | Elf:1    | Entered Level 1 of the Elven Halls
 40690 | Elf:1    | Paralysed by an air elemental for 1 turns
 40698 | Elf:1    | Paralysed by an air elemental for 1 turns
 40703 | Elf:1    | Paralysed by an air elemental for 1 turns
 40894 | Elf:1    | Found a portal to a secret trove of treasure.
 40916 | Elf:1    | Paralysed by an air elemental for 1 turns
 40984 | Elf:1    | Found a glacial archway.
 40993 | IceCv    | Entered an ice cave
 41022 | IceCv    | Reached skill level 22 in Shields
 41625 | Elf:1    | Found Askadaki's Jewellery Emporium.
 41626 | Elf:1    | Found Juxoeh's Book Boutique.
 41628 | Elf:1    | Found Roukinyo's Jewellery Emporium.
 41819 | Elf:1    | Found a roughly hewn altar of Beogh.
 41841 | Elf:1    | Found a corrupted altar of Lugonu.
 42062 | Elf:2    | Paralysed by an air elemental for 1 turns
 42067 | Elf:2    | Paralysed by an air elemental for 1 turns
 42103 | Elf:2    | Found a runed translucent gate.
 42103 | Elf:2    | Found a runed translucent gate.
 42106 | Elf:2    | Found a runed translucent gate.
 42470 | Abyss:2  | Cast into level 2 of the Abyss (a deep elf demonologist)
 42507 | Abyss:2  | Found a hide-covered altar of Uskayaw.
 42545 | Abyss:2  | Gained mutation: You do not regenerate when monsters are
                  | visible. [a cacodemon]
 42555 | Abyss:2  | Paralysed by accursed screaming for 1 turns
 42567 | Abyss:2  | Lost mutation: You do not regenerate when monsters are
                  | visible. [potion of mutation]
 42567 | Abyss:2  | Gained mutation: You have a pair of small antennae on your
                  | head. [potion of mutation]
 42567 | Abyss:2  | Gained mutation: Your magical capacity is low. (-10% MP)
                  | [potion of mutation]
 42567 | Abyss:2  | Gained mutation: You are strong-willed. (Will+) [potion of
                  | mutation]
 42732 | Elf:2    | Escaped the Abyss
 42860 | Elf:2    | Found Catawn's Antique Armour Emporium.
 43264 | Elf:2    | Reached XP level 22. HP: 201/201 MP: 19/19
 43286 | Elf:2    | Reached skill level 23 in Shields
 43540 | Elf:3    | Entered Level 3 of the Elven Halls
 43986 | Elf:3    | Found a shimmering blue altar of Sif Muna.
 44171 | Elf:3    | Identified the amulet of Qimuss Vaseo {rPois rF++ RegenMP+
                  | Int-3 SInv}
 44202 | Elf:3    | Identified the orb of the Ecumenical Temple {*channel, Summ
                  | Alchemy}
 44256 | Elf:3    | Got the Handbook of Illusion
 44342 | Elf:3    | Noticed Nikola
 44352 | Elf:3    | Killed Nikola
 44362 | Elf:3    | Reached skill level 15 in Evocations
 45023 | Elf:3    | Got the Papyrus of the Marshalled Bonfire
 45347 | Orc:2    | Bought the amulet of Vitality {Regen++ RegenMP++} for 1600
                  | gold pieces
 45347 | Orc:2    | Found the amulet of Vitality {Regen++ RegenMP++}
 45489 | Abyss:3  | Cast into level 3 of the Abyss (a deep elf demonologist)
 45581 | Elf:3    | Escaped the Abyss
 46347 | Elf:3    | Identified the +3 mace of Impatience {protect, rF+ SInv}
 46494 | Elf:3    | Identified the +10 battleaxe of Action {flame, Fly rF++}
 46494 | Elf:3    | Identified the ring "Hidd" {Fire *Slow rElec Int+4}
 46534 | Elf:3    | Found the +0 pair of gloves of the gadgeteer {Gadgeteer
                  | Wandboost ^Fragile}
 46656 | Elf:3    | Learned a level 7 spell: Manifold Assault
 46663 | Elf:3    | Learned a level 6 spell: Death Channel
 46873 | Elf:3    | Found a shimmering blue altar of Sif Muna.
 47934 | Depths:1 | Identified the +7 hand axe of Malaise {freeze, rF+ rC++}
 47981 | Depths:1 | Found a gateway to Hell.
 48413 | Depths:2 | Found a one-way gate leading to the halls of Pandemonium.
 48460 | Depths:2 | Found a flickering gateway to a bazaar.
 48480 | Bazaar   | Entered a bazaar
 48496 | Bazaar   | Found Liame's Jewellery Shoppe.
 48497 | Bazaar   | Found Xigaotis's Weapon Shoppe.
 48540 | Bazaar   | Found Qijuyzug's Weapon Emporium.
 48540 | Bazaar   | Found Hoiniqiq's Assorted Antiques.
 48562 | Bazaar   | Bought a glittering amethyst amulet for 150 gold pieces
 48562 | Bazaar   | Identified the amulet of Immorality {Spirit Will+ Str+4}
                  | (You bought it in a shop in a bazaar)
 48562 | Bazaar   | Bought the +3 crown of Dyrovepreva {rElec Int+2 SInv} for
                  | 1242 gold pieces
 48562 | Bazaar   | Found the +3 crown of Dyrovepreva {rElec Int+2 SInv}
 48634 | Depths:2 | Found a glowing silver altar of Zin.
 48635 | Depths:2 | Found a glowing golden altar of the Shining One.
 48636 | Depths:2 | Found a white marble altar of Elyvilon.
 48795 | Depths:2 | Noticed a caustic shrike
 48807 | Depths:2 | Killed a caustic shrike
 48815 | Depths:2 | Noticed a juggernaut
 48822 | Depths:2 | Reached XP level 23. HP: 136/194 MP: 20/20
 48829 | Depths:2 | Killed a juggernaut
 48840 | Depths:2 | Noticed a caustic shrike
 48843 | Depths:2 | Killed a caustic shrike
 49125 | Depths:2 | Found a glowing silver altar of Zin.
 49216 | Depths:2 | Identified the +10 rapier "Giantslayer" {pain, Stlth+}
 49331 | Depths:4 | Entered Level 4 of the Depths
 49370 | Depths:4 | Reached skill level 24 in Shields
 49973 | Depths:3 | Found a one-way gateway to a ziggurat.
 50165 | Depths:3 | Found a one-way gate to the infinite horrors of the Abyss.
 50883 | Depths:4 | Noticed a juggernaut
 50892 | Depths:4 | Killed a juggernaut
 50923 | Depths:4 | Found a gate to the Realm of Zot.
 51098 | Depths:4 | Found a runed translucent door.
 51098 | Depths:4 | Noticed Voac's ghost (journeyman MiAr)
 51372 | Depths:3 | Voluntarily entered the Abyss.
 51411 | Abyss:3  | Found a corrupted altar of Lugonu.
 51420 | Abyss:3  | Found a corrupted altar of Lugonu.
 51428 | Abyss:3  | Found a corrupted altar of Lugonu.
 51440 | Abyss:3  | Noticed an ancient lich
 51473 | Abyss:3  | Noticed a dread lich
 51519 | Abyss:3  | Noticed an ancient lich
 51524 | Abyss:3  | Killed an ancient lich
 51579 | Abyss:3  | Reached skill level 25 in Shields
 51588 | Depths:3 | Escaped the Abyss
 51901 | Vaults:5 | Entered Level 5 of the Vaults
 51947 | Vaults:5 | Reached XP level 24. HP: 212/221 MP: 20/20
 52007 | Vaults:5 | Reached skill level 26 in Shields
 52011 | Vaults:5 | Identified the +6 quarterstaff of Armageddon {freeze, rElec
                  | rCorr Str+2}
 52012 | Vaults:5 | Identified the +2 morningstar of Boel {elec, Str+3}
 52141 | Vaults:5 | Identified the +2 robe of Slovenliness {Str+2 Archmagi}
 52420 | Vaults:5 | Got the Guide on Dislocated Combat Magic
 52579 | Vaults:5 | Got the Vellum of Incinerated Gusts
 52667 | Vaults:5 | Identified the +1 short sword "Gerysuwn" {flame, rF+ rC+
                  | Will- Int+3}
 52689 | Vaults:5 | Identified the +3 shortbow of the Hand {elec, rPois Will+}
 53009 | Vaults:5 | Got a silver rune of Zot
 53301 | Vaults:5 | Identified the ring "Juzelopn" {Fire Str+5 Int+2}
 53347 | Vaults:5 | Identified the +7 flail "Vilusib" {flame, *Rage Will+ Dex+3
                  | SInv}
 53349 | Vaults:5 | Identified the +1 scale mail "Iwuenn" {rF++ rN+}
 53367 | Vaults:5 | Reached skill level 27 in Shields
 53416 | Vaults:5 | Got Qelloh's Writings on Gloom and Embers
 53437 | Vaults:5 | Identified the +0 ring mail of Defiance {Harm rElec Will-
                  | Stlth+}
 53441 | Vaults:5 | Identified the +2 trident of Purpose {freeze, rC+ Dex+3}
 53441 | Vaults:5 | Identified the +10 plate armour of Ryteisse {Str+3 Int-5
                  | Stlth+}
 53838 | Zot:1    | Entered Level 1 of the Realm of Zot
 53847 | Zot:1    | Found the +4 dragonskin cloak {Aegis}
 53847 | Zot:1    | Noticed Tiamat
 53992 | Depths:4 | Killed Tiamat
 54152 | Zot:1    | Reached skill level 10 in Throwing
 54320 | Zot:1    | Noticed Parghit
 54342 | Zot:1    | Killed Parghit
 55597 | Zot:2    | Identified the +2 leather armour of the Vanishing People
                  | {Rampage rPois Str+2 Dex-5}
 55711 | Zot:2    | Reached XP level 25. HP: 227/227 MP: 20/20
 55723 | Zot:2    | Found a transporter.
 55724 | Zot:2    | Noticed a dread lich
 55724 | Zot:2    | Noticed an ancient lich
 55732 | Zot:2    | Found a radiant altar of Vehumet.
 56540 | Zot:2    | Gained mutation: Your body sometimes deteriorates upon
                  | taking damage. [a shining eye]
 56576 | Zot:2    | Gained mutation: Your magical capacity is very low. (-20%
                  | MP) [a shining eye]
 56943 | Zot:2    | Identified the +10 war axe of Corporal Punishment {heavy,
                  | *Rage rPois Stlth+}
 58552 | Zot:5    | Entered Level 5 of the Realm of Zot
 59564 | Zot:5    | Noticed an orb of fire
 59568 | Zot:5    | Gained mutation: You sometimes lose your temper in combat.
                  | [an orb of fire]
 59579 | Zot:5    | Killed an orb of fire
 59613 | Zot:5    | Noticed an orb of fire
 59625 | Zot:5    | Killed an orb of fire
 59626 | Zot:5    | Reached XP level 26. HP: 163/239 MP: 18/18
 59706 | Zot:5    | Lost mutation: You have a pair of small antennae on your
                  | head. [potion of mutation]
 59706 | Zot:5    | Lost mutation: Your body sometimes deteriorates upon taking
                  | damage. [potion of mutation]
 59706 | Zot:5    | Lost mutation: Your magical capacity is very low. (-20% MP)
                  | [potion of mutation]
 59706 | Zot:5    | Gained mutation: You are covered in fur. (AC +1) [potion of
                  | mutation]
 59707 | Zot:5    | Lost mutation: You are strong-willed. (Will+) [potion of
                  | mutation]
 59707 | Zot:5    | Lost mutation: You sometimes lose your temper in combat.
                  | [potion of mutation]
 59707 | Zot:5    | Gained mutation: You have supernaturally acute eyesight.
                  | (SInv) [potion of mutation]
 59829 | Zot:5    | Reached skill level 15 in Throwing
 59881 | Zot:5    | Noticed an orb of fire
 59883 | Zot:5    | Gained mutation: You occasionally lose the ability to read
                  | scrolls when taking damage. [an orb of fire]
 59888 | Zot:5    | Gained mutation: Your magical capacity is very low. (-20%
                  | MP) [an orb of fire]
 59893 | Zot:5    | Gained mutation: You have hidden genetic defects. [an orb
                  | of fire]
 59896 | Zot:5    | Killed an orb of fire
 59906 | Zot:5    | Noticed a dread lich
 59908 | Zot:5    | Paralysed by a dread lich for 5 turns
 59918 | Zot:5    | Paralysed by a dread lich for 4 turns
 59924 | Zot:5    | Killed a dread lich
 60018 | Zot:5    | Lost mutation: You are covered in fur. (AC +1) [potion of
                  | mutation]
 60018 | Zot:5    | Lost mutation: You have hidden genetic defects. [potion of
                  | mutation]
 60018 | Zot:5    | Lost mutation: You occasionally lose the ability to read
                  | scrolls when taking damage. [potion of mutation]
 60018 | Zot:5    | Gained mutation: Your magical capacity is extremely low.
                  | (-30% MP) [potion of mutation]
 60018 | Zot:5    | Lost mutation: Your magical capacity is extremely low.
                  | (-30% MP) [potion of mutation]
 60018 | Zot:5    | Gained mutation: Your spells are a little harder to cast,
                  | but a little more powerful. [potion of mutation]
 60026 | Zot:5    | Noticed an orb of fire
 60040 | Zot:5    | Killed an orb of fire
 60147 | Zot:5    | Noticed an orb of fire
 60152 | Zot:5    | Gained mutation: You are dopey. (Int -2) [an orb of fire]
 60153 | Zot:5    | Killed an orb of fire
 60434 | Zot:5    | Got the Orb of Zot
 60590 | Depths:4 | Noticed Myerrouq the pandemonium lord
 60907 | D:$      | Escaped with the Orb!

Illustrated notes

Levels and vault maps discovered:
D:1:      dpeg_arrival_tiny_a, layout_loops_ring
D:2:      layout_rooms, serial_rivers, chequers_serial_rivers_large_b,
          chequers_serial_rivers_micro_d, chequers_serial_rivers_micro_e,
          chequers_serial_rivers_micro_a
D:3:      layout_basic, serial_shops, shop, chequers_mini_garden, uniq_jessica,
          uniq_natasha
D:4:      layout_basic, portal_sewer_entry_e
D:5:      layout_gridville, mainiacjoe_overflow_divided_tiny,
          minmay_temple_entry_nine_rooms, dk_rats_in_the_wall
D:6:      layout_cave_pools, nicolae_gozag_seed_capital,
          nicolae_figureground_sparkle, uniq_edmund
D:7:      layout_basic, gammafunk_temple_overflow_forgotten, hellmonk_no_cap,
          uniq_menkaure, uniq_jeremiah, uniq_prince_ribbit1
D:8:      layout_basic, nicolae_qazlal_beasts_of_the_sky,
          minmay_misc_feat_diagonals, minmay_gold_behind_fungi, uniq_grum
D:9:      layout_loops_ring, chequers_serial_rivers_large_a
D:10:     layout_gridville, elyvilon_altar_5, erik_lair_island, erik_orc_1,
          roderic_st_hans_cross, chequers_serial_rivers_small_3, uniq_maggie
D:11:     layout_layer_cave
D:12:     nzn_winding_woodlands_medium [nzn_winding_woodlands_5x5_perimeter,
          nzn_winding_woodlands_5x15_garden,
          nzn_winding_woodlands_5x5_open_star,
          nzn_winding_woodlands_5x5_closed_star,
          nzn_winding_woodlands_center_triple_pond,
          nzn_winding_woodlands_5x5_three, nzn_winding_woodlands_5x5_default,
          nzn_winding_woodlands_5x15_sidewinder,
          nzn_winding_woodlands_5x5_default], layout_rooms
D:13:     layout_stronghold, uniq_urug, uniq_snorg, uniq_josephine
D:14:     layout_loops_cross, skrybe_vaults_entry_preservation,
          serial_bayou_shore_a
D:15:     hangedman_depths_entry_try_elsewhere_first, layout_loops_ring,
          serial_park_tiny_1, serial_shops, shop
Temple:   nicolae_temple_superstar
Lair:1:   layout_loops_ring, serial_bayou_shore_b
Lair:2:   layout_gridlike, guppyfry_snake_entry_island, uniq_fannar,
          uniq_amaemon
Lair:3:   layout_gridlike, mainiacjoe_shoals_entry_four_pools,
          hangedman_lair_unloving_vines, nicolae_lair_grazing_beasts
          [nicolae_sub_lair_graze_edge, nicolae_sub_lair_graze_edge,
          nicolae_sub_lair_graze_edge, nicolae_sub_lair_graze_edge],
          infiniplex_staircase_pool, uniq_rupert
Lair:4:   layout_loops_ring, lemuel_fruit_fields
Lair:5:   wormcave, layout_long_grid, hangedman_lair_tendril_chambers,
          minmay_slime_entry_oklob_open, basic_altar, minmay_lindwurm_lava
Shoals:1: layout_shoals, ebering_ghost_xom, serial_shops, shop, centaur_isle
Shoals:2: layout_shoals, nicolae_shoals_drake_roost
Shoals:3: layout_shoals, uniq_ilsuiw, uniq_polyphemus
Shoals:4: shoals_end_hellmonk_lost_city
Snake:1:  layout_misc_corridors
Snake:2:  layout_onion_interference, nicolae_snake_snake_lake
Snake:3:  gammafunk_sealed_arena, layout_basic, grunt_megastairs_2
Snake:4:  minmay_snake_end_coiled, layout_misc_corridors,
          ebering_ghost_inner_flame, serial_shops,
          nicolae_shop_pleasant_corner_grove, uniq_aizul, uniq_saint_roka
Orc:1:    layout_caves, ebering_ghost_reflecting_pool
Orc:2:    st_orc_congregation, layout_caves, serial_shops, shop
Elf:1:    nicolae_elf_arrival_aired_out, layout_rooms, enter_trove_6,
          portal_ice_cave_entry_horrid_things, nicolae_elf_theology_debate,
          minmay_shop_grove
Elf:2:    nicolae_elf_blades_splatter_lattice
          [nicolae_blade_entry_diamond_columns], layout_loops_corners,
          serial_shops, nicolae_take_the_stairs
Elf:3:    elf_hall, layout_loops_corners, serial_sigils,
          serial_sigils_hangedman_quiver, serial_sigils_hangedman_scratch,
          serial_sigils_hangedman_gut, serial_sigils_hangedman_shear,
          hangedman_summoners_spam, uniq_nikola
Vaults:1: mu_enter_wizlab_4, lightli_orcish_oven, v_misc_8,
          nicolae_vaults_windows_and_doors_thing, nicolae_vaults_heist,
          nicolae_vaults_gold_heap, nicolae_vaults_six-pack, v_misc_15,
          vaults_room_grunt_arrival_ludios, nicolae_vaults_house_1,
          nicolae_vaults_antechamber_and_loot_room, layout_vaults_omnigrid,
          serial_shops, bzr_firewalk
Vaults:2: gammafunk_ghost_spectres, v_misc_12, st_star,
          minmay_crypt_entry_simple_corners, nicolae_vaults_mitosis,
          lemuel_angel_altar, nicolae_vaults_house_3, hangedman_vaults_maws,
          vaults_mumra_minichess_inversion, ontoclasm_vaults_tryst,
          hangedman_vaults_trim, hangedman_vaults_stitches,
          nicolae_vaults_apartment_2, nicolae_vaults_variable_pillar_hall_cross,
          layout_vaults_maze, serial_shops, bzr_entry_lakeside, uniq_sojobo
Vaults:3: vaults_room_guarded_vault, nicolae_vaults_asterisk,
          nicolae_vaults_sealed_display, nicolae_vaults_spaceships,
          vaults_dpeg_diagonal, v_misc_22,
          vaults_standard_mumra_enter_the_diamond,
          nicolae_vaults_variable_pillar_hall, vaults_room_boxed,
          grunt_vaults_hallway_long, nicolae_vaults_wine_cellar, v_misc_12,
          vaults_room_semicircle, layout_vaults_omnibox
Vaults:4: nicolae_vaults_closet_pinwheel_6, hangedman_vaults_nails,
          hangedman_vaults_stagger, nicolae_vaults_network_periphery,
          st_spiral_rooms, v_misc_15, v_misc_9, nicolae_vaults_two_Ls,
          vaults_room_stairs_pillars, v_pattern_3,
          nicolae_vaults_variable_pillar_hall,
          nicolae_vaults_trapezoid_lopsided_3, nicolae_vaults_specimen_jars,
          layout_vaults_ring, serial_shops, nicolae_shop_back_alley_shop,
          shop_fountains, nicolae_book_shop_shelving
Vaults:5
Depths:1: layout_forbidden_donut, hell_entry, columned_hall_lemuel,
          evilmike_butchery, grunt_megastairs_3
Depths:2: minmay_concentric_multi, layout_gridville, rand_demon_pan_entry_1,
          hell_entry, good_gods_temple_1, serial_shops, bzr_entry_dummy,
          minmay_misc_feat_rows, zin_statuary, infiniplex_staircase_squiggle
Depths:3: dreamdust_merry_men, layout_basic, enter_ziggurat_e,
          lemuel_statue_altar, abyss_entry_crystal, hell_entry,
          infiniplex_staircase_pillars_3a
Depths:4: grunt_x_marks_the_spot, layout_cave_pools,
          hellmonk_ghost_happy_afterlife, hangedman_coc_ice_floe
Zot:1:    layout_misc_corridors, guppyfry_library_mini, uniq_parghit,
          uniq_tiamat
Zot:2:    gammafunk_sealed_library, layout_onion,
          regret_index_zotdec_golden_two_three, hellmonk_body_bag
Zot:3:    kennysheep_ambush_hall, layout_misc_corridors
Zot:4:    layout_gridlike
Zot:5:    layout_gridlike

Skill      XL: |  1  2  3  4  5  6  7  8  9 10 11 12 13 14 15 16 17 18 19 20 21 22 23 24 25 26 |
---------------+-------------------------------------------------------------------------------+-----
Maces & Flails | 2 3 4 5 6 8 10 13 14 15 16 17 | 17.0
Stealth        | 1 2 4 |  4.0
Fighting       | 4 6 8 10 12 15 17 18 19 20 | 20.0
Armour         | 5 8 11 13 15 17 20 22 24 | 24.0
Evocations     | 3 5 6 9 11 13 14 16 17 19 | 19.6
Shields        | 4 5 6 8 10 12 17 20 21 22 23 25 27 | 27.0
Throwing       | 2 4 6 11 14 16 | 16.0
Dodging        | 4 |  4.0

Action                     |  1- 3 |  4- 6 |  7- 9 | 10-12 | 13-15 | 16-18 | 19-21 | 22-24 | 25-27 || total
---------------------------+-------+-------+-------+-------+-------+-------+-------+-------+-------++-------
  Melee: Flail             |   102 |   187 |   280 |   262 |       |       |       |       |       ||   831
         Tailslap          |    11 |    10 |    36 |    98 |   179 |   181 |   252 |   283 |   163 ||  1213
         Unarmed           |    14 |     4 |    13 |       |       |       |       |       |       ||    31
         Morningstar       |       |       |       |   212 |       |       |       |       |       ||   212
         Eveningstar       |       |       |       |   137 |  1053 |  1191 |  1312 |  1379 |   821 ||  5893
  Throw: Dart              |     3 |     8 |    23 |    29 |    12 |     3 |       |       |       ||    78
         Javelin           |       |       |       |     1 |       |       |       |       |    18 ||    19
 Invoke: Serpent's Lash    |       |       |       |     1 |     1 |       |       |       |     2 ||     4
         Heavenly Storm    |       |       |       |       |     2 |     4 |     1 |     2 |     1 ||    10
Ability: Lunge             |       |       |    23 |    66 |   109 |   164 |   125 |   135 |    58 ||   680
         Whirlwind         |       |       |    15 |    40 |   188 |   377 |   220 |   358 |    72 ||  1270
  Evoke: Wand              |       |     1 |    14 |    21 |     4 |     4 |     2 |     9 |     2 ||    57
         Tin of tremorston |       |       |       |       |       |     5 |     7 |     6 |     1 ||    19
         Lightning rod     |       |       |       |       |       |     4 |     8 |    11 |     4 ||    27
         Gell's gravitambo |       |       |       |       |       |     1 |       |       |       ||     1
         Sack of spiders   |       |       |       |       |       |       |     1 |     2 |     2 ||     5
    Use: Scroll            |     3 |     2 |     4 |     9 |    17 |    15 |     8 |    12 |     8 ||    78
         Potion            |     1 |       |     6 |       |     1 |     6 |     3 |     5 |    10 ||    32
   Stab: Distracted        |       |     1 |       |       |     1 |       |       |     2 |     2 ||     6
         Sleeping          |       |       |     1 |     2 |     4 |     3 |       |       |       ||    10
         Invisible         |       |       |       |       |       |       |       |     2 |       ||     2
         Held in net/web   |       |       |       |       |       |       |       |     2 |       ||     2
 Armour: Scale mail        |    24 |       |       |       |       |    17 |       |       |       ||    41
         Ring mail         |    41 |   111 |   225 |   401 |       |       |       |       |       ||   778
         Skin              |    18 |     4 |    36 |       |       |       |       |       |       ||    58
         Swamp dragon scal |       |       |       |    42 |   733 |   741 |       |       |       ||  1516
         Plate armour      |       |       |       |       |       |   161 |   622 |   105 |       ||   888
         Crystal plate arm |       |       |       |       |       |       |   195 |   740 |       ||   935
         Gold dragon scale |       |       |       |       |       |       |       |    23 |   722 ||   745
  Dodge: Dodged            |    33 |    61 |    84 |   128 |   306 |   376 |   280 |   268 |   199 ||  1735
  Block: Buckler           |    27 |    28 |    54 |    94 |   178 |   100 |       |       |       ||   481
         Tower shield      |       |       |       |       |       |   886 |  1359 |  1527 |  1054 ||  4826

Table legend: (Time is in decaauts)
 A = Elapsed time spent in this place.
 B = Non-inter-level travel time spent in this place.
 C = Inter-level travel time spent in this place.
 D = Time resting spent in this place.
 E = Time spent auto-exploring this place.
 F = Levels seen in this place.
 G = Mean time per level.
                   A        B        C        D        E       F      G
               +--------+--------+--------+--------+--------+-----+--------+
         Total |  61217 |  54293 |   6924 |  10850 |  28472 |  57 | 1074.0 |
       Dungeon |  18400 |  15938 |   2462 |   3651 |   8746 |  15 | 1226.7 |
        Temple |      1 |      1 |      0 |      0 |      0 |   1 |    1.0 |
          Lair |   6504 |   5533 |    971 |    785 |   3269 |   5 | 1300.8 |
        Shoals |   2774 |   2515 |    259 |    437 |   1228 |   4 |  693.5 |
     Snake Pit |   5139 |   4527 |    612 |   1317 |   1926 |   4 | 1284.8 |
  Orcish Mines |   1662 |   1325 |    337 |    112 |    913 |   2 |  831.0 |
   Elven Halls |   6032 |   5531 |    501 |    848 |   3139 |   3 | 2010.7 |
        Vaults |   8353 |   7525 |    828 |   1578 |   3870 |   5 | 1670.6 |
        Depths |   4198 |   3556 |    642 |    543 |   2092 |   4 | 1049.5 |
           Zot |   5942 |   5634 |    308 |   1301 |   2590 |   5 | 1188.4 |
         Abyss |    578 |    578 |      0 |     58 |      0 |   3 |  192.7 |
        Bazaar |    226 |    226 |      0 |      0 |    104 |   3 |   75.3 |
         Sewer |    734 |    734 |      0 |     95 |    366 |   1 |  734.0 |
      Ice Cave |    511 |    511 |      0 |    114 |    193 |   1 |  511.0 |
        Wizlab |    157 |    157 |      0 |      9 |     36 |   1 |  157.0 |
               +--------+--------+--------+--------+--------+-----+--------+

Top non-repeatable levels by time:
   Elf:3: 3386 daAuts
 Snake:4: 1973 daAuts
Vaults:1: 1964 daAuts
   Zot:5: 1909 daAuts
 Snake:3: 1872 daAuts
  Lair:5: 1806 daAuts
Vaults:2: 1797 daAuts
    D:13: 1724 daAuts
    D:12: 1718 daAuts
Vaults:5: 1693 daAuts
   Elf:2: 1613 daAuts
    D:11: 1571 daAuts
  Lair:3: 1555 daAuts
   Zot:2: 1512 daAuts
Vaults:4: 1512 daAuts
